 Dungeon Crawl Stone Soup version 0.30-a0-643-g638baaf3f0 (webtiles) character file.

Game seed: 3517339291143887598

1082 Citaku the Covered (level 8, 0/70 HPs)
             Began as a Minotaur Fighter on Jan 16, 2023.
             Slain by a gnoll
             ... wielding a +0 whip
             ... led by a gnoll sergeant
              (1 damage)
             ... on level 6 of the Dungeon.
             The game lasted 00:04:52 (4393 turns).

Citaku the Covered (Minotaur Fighter)               Turns: 4393, Time: 00:04:53

Health: 0/70       AC: 14    Str: 24    XL:     8   Next: 8%
Magic:  7/7        EV:  6    Int:  5    God:
Gold:   235        SH:  5    Dex:  9    Spells: 7/7 levels left

rFire   . . .      SeeInvis .    a - +0 war axe
rCold   . . .      Faith    .    c - +0 buckler
rNeg    . . .      Spirit   .    p - +0 plate armour
rPois   .          Reflect  .    (helmet restricted)
rElec   .          Harm     .    (no cloak)
rCorr   .          Rampage  .    m - +0 pair of gloves
Will    .....                    (no boots) Stlth
                                 (no amulet)
HPRegen 0.31/turn                (no ring)
MPRegen 0.10/turn                (no ring)

@: mighty
A: horns 2, retaliatory headbutt
a: no special abilities


You were on level 6 of the Dungeon.
You visited 1 branch of the dungeon, and saw 6 of its levels.

You collected 235 gold pieces.

Inventory:

Hand Weapons
 a - a +0 war axe (weapon)
Armour
 c - a +0 buckler (worn)
 m - a +0 pair of gloves (worn)
 p - a +0 plate armour (worn)
Scrolls
 e - 2 scrolls of amnesia {unknown}
 f - 7 scrolls of teleportation {unknown}
 g - 5 scrolls of identify {unknown}
 i - 2 scrolls of summoning {unknown}
 j - 3 scrolls of brand weapon {unknown}
 o - a scroll of fog {unknown}
 q - 4 scrolls of enchant weapon {unknown}
 r - a scroll of torment {unknown}
 s - a scroll of poison {unknown}
 u - a scroll of acquirement {unknown}
 v - a scroll of vulnerability {unknown}
 w - 2 scrolls of fear {unknown}
 x - a scroll of noise {unknown}
 y - a scroll of enchant armour {unknown}
 B - a scroll of magic mapping {unknown}
Potions
 b - a potion of magic {unknown}
 h - a potion of mutation {unknown}
 k - 2 potions of heal wounds {unknown}
 l - 2 potions of haste
 n - 4 potions of curing {unknown}
 t - a potion of lignification {unknown}
 z - a potion of invisibility {unknown}
 A - 2 potions of degeneration {unknown}
 C - a potion of berserk rage {unknown}
 D - a potion of attraction {unknown}


   Skills:
 + Level 5.9 Fighting
 * Level 7.0 Axes
 * Level 7.4 Armour
 + Level 5.8 Shields


You had 7 spell levels left.
You didn't know any spells.
Your spell library contained the following spells:

 Spells                   Type           Power      Damage    Failure   Level
 Lesser Beckoning         Tloc           0%         N/A       100%        2
 Gell's Gravitas          Tloc           0%         N/A       100%        3
 Teleport Other           Tloc           0%         N/A       100%        3


Dungeon Overview and Level Annotations

Branches:
Dungeon (6/15)             Temple (0/1) D:6

Altars:


Innate Abilities, Weirdness & Mutations

You have a pair of horns on your head.
You reflexively headbutt those who attack you in melee.


Message History

You are too injured to fight recklessly!
You are too injured to fight recklessly!
You are too injured to fight recklessly!
You are too injured to fight recklessly!
You are too injured to fight recklessly!
You hit the gnoll sergeant but do no damage.
Your headbutt misses the gnoll sergeant.
The gnoll sergeant is heavily wounded.
You hit the iguana but do no damage. The iguana bites you.
The gnoll hits you but does no damage.
The gnoll sergeant hits you with a +1 spear of freezing.
* * * LOW HITPOINT WARNING * * *
The gnoll sergeant freezes you.
* * * LOW HITPOINT WARNING * * *
You feel very mighty all of a sudden.
The iguana bites you but does no damage.
The gnoll hits you but does no damage.
The gnoll sergeant hits you but does no damage.
You slash the gnoll sergeant!
You kill the gnoll sergeant!
You barely miss the iguana. The iguana bites you.
* * * LOW HITPOINT WARNING * * *
The gnoll barely misses you.
The iguana bites you but does no damage.
The gnoll barely misses you.
Your Axes skill increases to level 7!
You have reached level 8!
You feel stronger.
You slash the iguana!
The iguana is almost dead.
The iguana bites you!
* * * LOW HITPOINT WARNING * * *
The gnoll hits you from afar with a +0 spear.
* * * LOW HITPOINT WARNING * * *
You slice the iguana!!
You kill the iguana!
The gnoll hits you from afar with a +0 spear.
* * * LOW HITPOINT WARNING * * *
You closely miss the gnoll. The gnoll hits you with a +0 whip.
You die...

####### ... #.# #.. #.#
.#.. #######.#### #.#..
..#........###.#..
#.#....#.......#..
#.#....#.......#..
#####)#....#.......#..
#..gg@.....+..>....#..
......#)#....####....#..
.##.# #.................
# ##############.###
........# .########


You could see 2 gnolls.

Vanquished Creatures
  2 black bears (D:6)
  An ogre (D:5)
  A phantom (D:4)
  A gnoll sergeant (D:6)
  A necrophage (D:5)
  3 scorpions
  A jelly (D:6)
  A hound (D:5)
  2 orc priests (D:5)
  3 iguanas
  An orc wizard (D:5)
  Robin (D:3)
  3 gnolls (D:6)
  4 adders
  A white imp (D:5)
  An ufetubus (D:4)
  2 worms
  A dart slug (D:4)
  10 orcs (D:5)
  7 bats
  4 endoplasms
  5 giant cockroaches
  13 goblins
  10 hobgoblins
  2 jackals (D:5)
  5 quokkas
  7 ball pythons
  5 frilled lizards
  7 kobolds
  5 rats
110 creatures vanquished.

Notes
Turn   | Place    | Note
-------+----------+-------------------------------------------
     0 | D:1      | Citaku the Minotaur Fighter began the quest for the Orb.
     0 | D:1      | Reached XP level 1. HP: 19/19 MP: 0/0
   209 | D:1      | Reached XP level 2. HP: 26/27 MP: 1/1
  1022 | D:2      | Reached XP level 3. HP: 33/33 MP: 2/2
  1672 | D:3      | Noticed Robin
  1687 | D:3      | Killed Robin
  1688 | D:3      | Reached XP level 4. HP: 36/40 MP: 3/3
  2601 | D:4      | Noticed a phantom
  2611 | D:4      | Killed a phantom
  2612 | D:4      | Reached skill level 5 in Armour
  2612 | D:4      | Reached XP level 5. HP: 42/47 MP: 4/4
  2727 | D:4      | Reached XP level 6. HP: 55/55 MP: 5/5
  3047 | D:5      | Entered Level 5 of the Dungeon
  3097 | D:5      | Reached skill level 5 in Axes
  3141 | D:5      | Reached skill level 5 in Fighting
  3332 | D:5      | Reached skill level 5 in Shields
  3478 | D:5      | Reached XP level 7. HP: 40/61 MP: 6/6
  4365 | D:6      | Found a staircase to the Ecumenical Temple.
  4391 | D:6      | Reached XP level 8. HP: 14/70 MP: 7/7
  4392 | D:6      | HP: 1/70 [gnoll/+0 spear[a gnoll sergeant] (4)]
  4393 | D:6      | Slain by a gnoll

Illustrated notes

Levels and vault maps discovered:
D:1:      dpeg_arrival_tiny_a, layout_loops_corners
D:2:      minmay_wonky_spiral, layout_basic
D:3:      layout_loops_corners, uniq_robin
D:4:      layout_rooms, fountainhead
D:5:      layout_gridville
D:6:      layout_basic, temple_doors_e, serial_glass, glass_columns_b,
          glass_columns_b, glass_columns_c, glass_columns_c, glass_columns_a,
          glass_columns_b

Skill      XL: |  1  2  3  4  5  6  7 |
---------------+----------------------+-----
Armour         | 4 5 6 7 |  7.4
Axes           | 3 4 5 7 |  7.0
Fighting       | 4 5 |  5.9
Shields        | 4 5 |  5.8

Action                   |  1- 3 |  4- 6 |  7- 9 || total
-------------------------+-------+-------+-------++-------
Melee: War axe           |    79 |   121 |    58 ||   258
       Headbutt          |     9 |    22 |    13 ||    44
  Use: Potion            |       |       |     1 ||     1
Armor: Scale mail        |    30 |       |       ||    30
       Plate armour      |    23 |    84 |    44 ||   151
Dodge: Dodged            |    40 |    37 |    20 ||    97
Block: Buckler           |    19 |    28 |    16 ||    63

Table legend: (Time is in decaauts)
 A = Elapsed time spent in this place.
 B = Non-inter-level travel time spent in this place.
 C = Inter-level travel time spent in this place.
 D = Time resting spent in this place.
 E = Time spent auto-exploring this place.
 F = Levels seen in this place.
 G = Mean time per level.
                   A        B        C        D        E       F      G
               +--------+--------+--------+--------+--------+-----+--------+
         Total |   4474 |   4360 |    114 |      0 |   3691 |   6 |  745.7 |
       Dungeon |   4474 |   4360 |    114 |      0 |   3691 |   6 |  745.7 |
               +--------+--------+--------+--------+--------+-----+--------+

Top non-repeatable levels by time:
     D:5: 951 daAuts
     D:3: 933 daAuts
     D:1: 901 daAuts
     D:2: 795 daAuts
     D:4: 470 daAuts
     D:6: 421 daAuts
